 Dungeon Crawl Stone Soup version 0.25-a0-1133-g93ebf739aa (webtiles) character file.

Game seed: 8992709386058972793, levelgen mode: deterministic

298768 keltmir the Victor of a Thousand Battles (level 20, -24/159 HPs)
             Began as a Gnoll Skald on Jan 19, 2020.
             Was the Champion of Okawaru.
             Killed from afar by Margery (57 damage)
             ... with a bolt of fire
             ... on level 3 of the Vaults on May 22, 2020.
             The game lasted 03:24:59 (55555 turns).

keltmir the Victor of a Thousand Battles (GnSk)    Turns: 55555, Time: 03:24:59

Health: -24/159    AC: 42    Str: 22    XL:     20   Next: 97%
Magic:  37/38      EV: 16    Int: 15    God:    Okawaru [******]
Gold:   3291       SH: 34    Dex: 15    Spells: 0/47 levels left

rFire    . . .     SeeInvis +   Q - +9 demon trident (elec)
rCold    + + .     Gourm    .   I - +10 tower shield of Ignorance {rN+ Int-4}
rNeg     + . .     Faith    .   B - +9 ice dragon scales "Ici Huar" {rPois rF- rC++}
rPois    +         Spirit   .   V - +2 helmet {SInv}
rElec    .         Reflect  +   F - +2 cloak {MR+}
rCorr    .         Harm     .   e - +2 pair of gloves {Str+3}
MR       ++...                  w - +2 pair of boots {Fly}
Stlth    ++++......             N - amulet of reflection
HPRegen  0.36/turn              g - +4 ring of protection
MPRegen  0.26/turn              E - ring of protection from fire

@: flying
A: distributed training, fangs 1, strong nose
}: 2/15 runes: barnacled, gossamer
a: Heroism, Finesse, Renounce Religion, Stop Flying


You were on level 3 of the Vaults.
You worshipped Okawaru.
Okawaru was exalted by your worship.
You were not hungry.

You visited 7 branches of the dungeon, and saw 35 of its levels.
You also visited: Gauntlet and Ice Cave.

You collected 3561 gold pieces.
You spent 270 gold pieces at shops.

Inventory:

Hand Weapons
 Q - a +9 demon trident of electrocution (weapon)
Missiles
 k - 6 throwing nets
 R - 35 boomerangs
 Z - 56 javelins (quivered)
Armour
 e - a +2 pair of gloves of strength (worn)
 w - a +2 pair of boots of flying (worn)
 B - the +9 ice dragon scales "Ici Huar" (worn) {rPois rF- rC++}
   (Okawaru gifted it to you on level 6 of the Lair of Beasts)

   It makes you vulnerable to fire.
   It greatly protects you from cold.
   It protects you from poison.
 F - a +2 cloak of magic resistance (worn)
 I - the +10 tower shield of Ignorance (worn) {rN+ Int-4}
   (Okawaru gifted it to you on level 3 of the Spider Nest)

   It affects your intelligence (-4).
   It protects you from negative energy.
 M - the +0 kite shield "Omiucam" {rElec MR+}
   (Okawaru gifted it to you on level 2 of the Vaults)

   It insulates you from electricity.
   It affects your resistance to hostile enchantments.
 V - a +2 helmet of see invisible (worn)
Jewellery
 g - a +4 ring of protection (left hand)
 E - a ring of protection from fire (right hand)
 N - an amulet of reflection (around neck)
 Y - an uncursed ring of protection from magic
Wands
 c - a wand of enslavement (6)
 j - a wand of polymorph (30)
 s - a wand of digging (7)
 C - a wand of random effects (26)
 D - a wand of clouds (14)
 J - a wand of paralysis (29)
 O - a wand of iceblast (14)
 S - a wand of flame (32)
 T - a wand of disintegration (22)
Scrolls
 b - a scroll of blinking
 f - a scroll of silence
 h - 12 scrolls of teleportation
 i - 6 scrolls of remove curse
 n - 6 scrolls of fog
 o - 3 scrolls of enchant armour
 q - 5 scrolls of magic mapping
 r - 2 scrolls of enchant weapon
 t - 5 scrolls of fear
 y - 2 scrolls of acquirement
 A - 6 scrolls of identify
 X - 2 scrolls of summoning
Potions
 a - 4 potions of ambrosia
 l - 2 potions of haste
 m - a potion of invisibility
 p - 2 potions of berserk rage
 u - 2 potions of might
 v - 4 potions of magic
 x - 14 potions of lignification
 z - 2 potions of brilliance
 G - a potion of resistance
 H - a potion of heal wounds
 L - 3 potions of cancellation
 W - 8 potions of curing
Comestibles
 d - 39 rations
 K - 9 chunks of flesh


   Skills:
 + Level 14.1 Fighting
 + Level 13.5 Short Blades
 + Level 13.5 Long Blades
 + Level 13.5 Axes
 + Level 13.5 Maces & Flails
 + Level 14.1 Polearms
 + Level 13.5 Staves
 + Level 13.5 Slings
 + Level 13.5 Bows
 + Level 13.5 Crossbows
 + Level 13.5 Throwing
 + Level 13.7 Armour
 + Level 14.1 Dodging
 + Level 13.5 Stealth
 + Level 13.5 Shields
 + Level 13.5 Unarmed Combat
 + Level 14.2 Spellcasting
 + Level 11.6 Conjurations
 + Level 11.6 Hexes
 + Level 12.6 Charms
 + Level 11.6 Summonings
 + Level 11.6 Necromancy
 + Level 11.6 Translocations
 + Level 11.6 Transmutations
 + Level 11.6 Fire Magic
 + Level 11.6 Ice Magic
 + Level 11.6 Air Magic
 + Level 11.6 Earth Magic
 + Level 11.6 Poison Magic
 + Level 14.5 Invocations
 + Level 13.5 Evocations


You couldn't memorise any spells.
You knew the following spells:

 Your Spells              Type           Power        Failure   Level  Hunger
a - Tukima's Dance        Hex            #####...     1%          3    None
b - Spectral Weapon       Hex/Chrm       #####...     1%          3    None
c - Song of Slaying       Chrm           #####...     1%          2    None
d - Ozocubu's Armour      Chrm/Ice       #####...     1%          3    None
e - Blink                 Tloc           N/A          1%          2    None
f - Summon Lightning Spi  Summ/Air       #####...     5%          4    ##.....
g - Alistair's Intoxicat  Tmut/Pois      #####...     16%         5    ####...
h - Apportation           Tloc           #####.       1%          1    None
i - Lesser Beckoning      Tloc           #####.....   1%          3    None
j - Summon Butterflies    Summ           #####...     1%          1    None
k - Olgreb's Toxic Radia  Pois           #####...     5%          4    ##.....
l - Airstrike             Air            #####.....   5%          4    ##.....
m - Cause Fear            Hex            #####.....   5%          4    ##.....
n - Fulminant Prism       Conj/Hex       #####.....   5%          4    ##.....
o - Summon Ice Beast      Ice/Summ       #####...     5%          4    ##.....

Your spell library contained the following spells:

 Spells                   Type           Power        Failure   Level  Hunger
 Corona                   Hex            #####..      1%          1    None
 Infusion                 Chrm           ####         1%          1    None
 Magic Dart               Conj           ####         1%          1    None
 Shock                    Conj/Air       ####         1%          1    None
 Sting                    Tmut/Pois      ####         1%          1    None
 Summon Small Mammal      Summ           ####         1%          1    None
 Call Imp                 Summ           #####...     1%          2    None
 Corpse Rot               Necr/Air       N/A          1%          2    None
 Ensorcelled Hibernation  Hex/Ice        #####.       1%          2    None
 Passwall                 Tmut/Erth      #####...     1%          2    None
 Poisonous Vapours        Pois/Air       #####.       1%          2    None
 Searing Ray              Conj           #####.       1%          2    None
 Shroud of Golubria       Chrm/Tloc      #####.       1%          2    None
 Slow                     Hex            #####...     1%          2    None
 Swiftness                Chrm/Air       #####...     1%          2    None
 Call Canine Familiar     Summ           #####...     1%          3    None
 Confusing Touch          Hex            #####...     1%          3    None
 Conjure Flame            Conj/Fire      #####...     1%          3    None
 Dazzling Flash           Conj/Hex       #####.       1%          3    None
 Gell's Gravitas          Tloc           #####.....   1%          3    None
 Ignite Poison            Fire/Tmut/Pois #####...     1%          3    None
 Inner Flame              Hex/Fire       #####...     1%          3    None
 Mephitic Cloud           Conj/Pois/Air  #####...     1%          3    None
 Portal Projectile        Hex/Tloc       #####.       1%          3    None
 Static Discharge         Conj/Air       #####...     1%          3    None
 Stone Arrow              Conj/Erth      #####.       1%          3    None
 Summon Guardian Golem    Hex/Summ       #####...     1%          3    None
 Iskenderun's Mystic Bla  Conj/Tloc      #####...     5%          4    ##.....
 Leda's Liquefaction      Hex/Erth       #####.....   5%          4    ##.....
 Petrify                  Tmut/Erth      #####...     5%          4    ##.....
 Iskenderun's Battlesphe  Conj/Chrm      #####...     13%         5    ####...
 Agony                    Necr           #####...     16%         5    ####...
 Bolt of Magma            Conj/Fire/Erth #####.....   16%         5    ####...
 Lightning Bolt           Conj/Air       #####.....   16%         5    ####...
 Metabolic Englaciation   Hex/Ice        #####.....   16%         5    ####...
 Yara's Violent Unravell  Hex/Tmut       #####.....   16%         5    ####...
 Darkness                 Hex            #####.....   65%         6    ######.
 Invisibility             Hex            #####...     65%         6    ######.
 Iron Shot                Conj/Erth      #####.....   65%         6    ######.
 Simulacrum               Ice/Necr       #####.....   65%         6    ######.
 Statue Form              Tmut/Erth      #####....    65%         6    ######.
 Orb of Destruction       Conj           #####.....   99%         7    #######
 Spellforged Servitor     Conj/Summ      #####.....   99%         7    #######
 Disjunction              Tloc           #####.....   100%        8    #######
 Shatter                  Erth           #####.....   100%        9    #######


Dungeon Overview and Level Annotations

Branches:
Dungeon (15/15)            Temple (0/1) D:4            Lair (6/6) D:9
 Shoals (4/4) Lair:3       Spider (4/4) Lair:3        Slime (0/5) Lair:6
    Orc (2/2) D:11            Elf (1/3) Orc:2        Vaults (3/5) D:14
  Crypt (0/3) Vaults:2     Depths (0/5) D:15          IceCv (visited)
Gauntlet (visited)

Altars:
Elyvilon
Gozag
Okawaru
Qazlal
Ru
Trog
Uskayaw
Xom

Shops:
D:5 (:   D:8 :   D:13 *   D:15 %   Orc:2 =?%!*   Shoals:2 %*   Vaults:1 (

Annotations:
D:9 1 runed translucent door, Xoruskon's ghost, novice DECj
Lair:2 2 transporters, Gibetzo's ghost, journeyman GnSk
Lair:5 2 transporters, Qeorph's ghost, journeyman FoAK
Vaults:3 Margery


Innate Abilities, Weirdness & Mutations

Your experience applies equally to all skills.
You have very sharp teeth.
Your uncanny sense of smell can sniff out nearby items.


Message History

The necromancer completely misses your spectral weapon.
The hell knight hits your spectral weapon with a +4 great mace of distortion!
Your spectral weapon shares its damage with you!
Your spectral weapon fades away.
The hell knight mumbles some strange words.
The hell knight blinks!
You block the necromancer's attack.
Margery points at you and mumbles some strange words.
The fireball explodes!
The fireball engulfs you!!! The necromancer casts a spell at you.
The bolt of fire hits you!!
You hear a shout!
Margery points at you and mumbles some strange words.
The bolt of fire misses you. Margery gestures at you while chanting.
The bolt of fire hits you!!
* * * LOW HITPOINT WARNING * * *
Margery gestures at you while chanting. The bolt of fire hits you!!!
You die...

#####@#####
#.........#
#.p@###...#
#..#.###..#
#.#p..#####
∆ #.##...##
∆ #.
##...## #.
##.>># #.∆
##@)# #.
#### #+


You could see Margery (fast, soul bound) and 2 necromancers.

Vanquished Creatures
  Arachne (Spider:3)
  Jorgrun (Spider:1)
  The ghost of HYPERHYPER the Champion of Chaos, an adept DDFi of Makhleb (Shoals:4)
  Gastronok (Lair:3)
  An ancient champion (Vaults:2)
  A sphinx (Vaults:1)
  A kraken (Shoals:1)
  The ghost of Agufooqau the Severer, an adept DDFi of Makhleb (Shoals:3)
  Roxanne (Shoals:1)
  Ilsuiw (Shoals:2)
  A storm dragon (Vaults:1)
  A deep elf sorcerer (Vaults:2)
  4 ghost moths (Spider:4)
  8 vault wardens
  A fire giant (D:15)
  8 emperor scorpions
  A frost giant (IceCv)
  8 ironheart preservers
  A curse skull (Vaults:2)
  A ghoul (Vaults:1)
  A deep elf demonologist (Vaults:2)
  5 stone giants
  5 entropy weavers
  Azrael (D:13)
  A deep elf annihilator (Vaults:1)
  A minotaur (Gauntlet)
  3 spark wasps
  2 ettins (Vaults:1)
  A deep elf death mage (Vaults:2)
  4 merfolk javelineers
  2 great orbs of eyes (Vaults:2)
  5 merfolk impalers
  2 fire dragons
  5 rakshasas
  The ghost of bmj180 the Destroyer, a journeyman DrCj of Vehumet (D:12)
  4 vault guards
  13 hydras
  3 yaktaur captains
  3 ice dragons
  4 centaur warriors
  2 alligator snapping turtles
  The ghost of vurker the Grappler, a novice TrHu of Okawaru (D:12)
  2 merfolk aquamancers (Shoals:4)
  9 ogre magi
  2 tengu warriors (D:14)
  3 merfolk avatars
  2 death knights (Vaults:1)
  A queen ant (Spider:4)
  3 death yaks
  2 satyrs (Shoals:3)
  3 orc high priests (Orc:2)
  34 two-headed ogres
  Urug (D:13)
  Nergalle (D:11)
  A deep elf knight (Vaults:1)
  11 skeletal warriors
  Sonja (D:10)
  A fire crab (Lair:6)
  3 shadow wraiths
  7 unseen horrors
  2 glowing orange brains (Vaults:2)
  A fire crab (shapeshifter) (Vaults:2)
  9 sea snakes
  7 ironbrand convokers
  A flayed ghost (Vaults:2)
  8 deep trolls
  A lindwurm (Lair:6)
  10 orc knights
  A necromancer (Vaults:1)
  16 orb spiders
  Pikel (D:5)
  30 wolf spiders
  20 harpies
  4 deep elf magi
  15 fauns
  2 ugly things
  12 manticores
  A cyclops (shapeshifter) (Vaults:1)
  5 orc sorcerers
  5 black mambas
  An ice statue (IceCv)
  Maurice (Orc:1)
  9 merfolk sirens
  An elephant (shapeshifter) (Vaults:2)
  10 cyclopes
  3 molten gargoyles
  4 vault sentinels
  3 torpor snails
  10 water nymphs
  A water nymph (shapeshifter) (D:14)
  10 spiny frogs
  6 rime drakes
  2 centaur skeletons
  3 freezing wraiths
  3 kobold demonologists (D:14)
  13 komodo dragons
  20 yaktaurs
  21 demonic crawlers
  9 trolls
  2 tengu conjurers (D:14)
  20 merfolk
  29 jumping spiders
  16 polar bears
  5 wind drakes
  A jumping spider (shapeshifter) (D:14)
  4 meliai
  A wind drake (shapeshifter) (D:14)
  21 blink frogs
  7 hornets
  8 hippogriffs
  22 slime creatures
  A fire giant simulacrum (Vaults:1)
  A stone giant simulacrum (Vaults:1)
  5 snapping turtles
  3 dream sheep (Shoals:1)
  5 shadows
  2 wraiths
  7 wyverns
  72 redbacks
  7 water elementals
  33 tarantellas
  75 yaks
  5 fire elementals (D:13)
  6 basilisks
  Grum (D:5)
  Eustachio (D:5)
  4 hungry ghosts
  2 human simulacra
  4 vampire mosquitoes (D:13)
  An ogre zombie (Vaults:1)
  3 steam dragons
  18 soldier ants
  An elf zombie (Vaults:1)
  9 wargs
  3 acid dragons
  13 water moccasins
  A water moccasin (shapeshifter) (D:14)
  4 porcupines
  7 hell hounds
  A phantom (D:8)
  3 sky beasts
  2 hornet zombies
  32 orc warriors
  2 eyes of draining
  30 ogres
  3 black bears
  3 ice beasts
  A necrophage (D:12)
  15 wolves
  6 centaurs
  8 boggarts
  7 crocodiles
  2 big kobolds
  A gnoll sergeant (D:5)
  16 bullfrogs
  A water moccasin skeleton (D:8)
  7 scorpions
  15 killer bees
  5 wights
  2 howler monkeys
  10 electric eels
  5 lava snakes (Lair:6)
  3 crimson imps
  A bullfrog zombie (D:13)
  2 centaur zombies
  13 hounds
  2 quasits
  27 orc priests
  6 jellies
  21 orc wizards
  A bullfrog skeleton (D:5)
  3 iguanas
  Jessica (D:2)
  Natasha (D:2)
  25 worker ants
  3 hound skeletons
  A howler monkey zombie (D:5)
  3 worker ant zombies
  11 gnolls
  A howler monkey skeleton (D:7)
  12 adders
  3 shadow imps
  An adder zombie (D:10)
  2 adder skeletons
  A worm (D:5)
  3 dart slugs
  4 leopard geckos
  89 orcs
  8 bats
  5 giant cockroaches
  10 hobgoblins
  13 jackals
  21 kobolds
  6 quokkas
  2 ball pythons
  8 frilled lizards
  6 goblins
  A leopard gecko skeleton (D:4)
  A quokka zombie (D:8)
  4 rats
  4 plants
  3 tentacles (Shoals:1)
1420 creatures vanquished.

Vanquished Creatures (collateral kills)
  A wolf spider (Spider:3)
  A jumping spider (Spider:3)
2 creatures vanquished.

Vanquished Creatures (others)
  An unseen horror (Vaults:1)
  A harpy (Shoals:4)
  A polar bear (IceCv)
  2 dancing weapons (D:13)
  A yak (IceCv)
  4 slaves (D:5)
  3 wolves (IceCv)
  A gnoll shaman (D:5)
  2 hounds (D:5)
  2 worker ants (D:5)
  3 gnolls (D:5)
  A jackal (D:5)
  A bush (Lair:6)
  A demonic plant (Gauntlet)
  15 fungi
  11 plants
  58 spectral weapons
  26 tentacles (Shoals:1)
134 creatures vanquished.

Grand Total: 1556 creatures vanquished

Notes
Turn   | Place    | Note
-------+----------+-------------------------------------------
     0 | D:1      | keltmir the Gnoll Skald began the quest for the Orb.
     0 | D:1      | Reached XP level 1. HP: 20/20 MP: 6/6
   216 | D:1      | Reached XP level 2. HP: 21/26 MP: 7/7
   296 | D:1      | Upgraded the game from 0.25-a0-420-g1cc7eeb0d1 to
                  | 0.25-a0-875-geaba134f46
   329 | D:1      | Upgraded the game from 0.25-a0-875-geaba134f46 to
                  | 0.25-a0-1133-g93ebf739aa
   849 | D:1      | Reached XP level 3. HP: 31/31 MP: 5/9
   949 | D:1      | Reached skill level 5 in Spellcasting
  1023 | D:1      | Learned a level 3 spell: Spectral Weapon
  1026 | D:1      | Learned a level 2 spell: Song of Slaying
  1412 | D:1      | Reached skill level 1 in Invocations
  1468 | D:2      | Noticed Natasha
  1476 | D:2      | Killed Natasha
  1476 | D:2      | Reached skill level 1 in Short Blades
  1476 | D:2      | Reached skill level 1 in Long Blades
  1476 | D:2      | Reached skill level 1 in Axes
  1476 | D:2      | Reached skill level 1 in Maces & Flails
  1476 | D:2      | Reached skill level 1 in Staves
  1476 | D:2      | Reached skill level 1 in Slings
  1476 | D:2      | Reached skill level 1 in Bows
  1476 | D:2      | Reached skill level 1 in Crossbows
  1476 | D:2      | Reached skill level 1 in Throwing
  1476 | D:2      | Reached skill level 1 in Stealth
  1476 | D:2      | Reached skill level 1 in Shields
  1476 | D:2      | Reached skill level 1 in Unarmed Combat
  1476 | D:2      | Reached skill level 1 in Evocations
  1476 | D:2      | Reached XP level 4. HP: 38/38 MP: 7/11
  1658 | D:2      | Noticed a bullfrog
  1667 | D:1      | Killed a bullfrog
  1667 | D:1      | Reached skill level 1 in Conjurations
  1667 | D:1      | Reached skill level 1 in Hexes
  1667 | D:1      | Reached skill level 1 in Summonings
  1667 | D:1      | Reached skill level 1 in Necromancy
  1667 | D:1      | Reached skill level 1 in Translocations
  1667 | D:1      | Reached skill level 1 in Transmutations
  1667 | D:1      | Reached skill level 1 in Fire Magic
  1667 | D:1      | Reached skill level 1 in Ice Magic
  1667 | D:1      | Reached skill level 1 in Air Magic
  1667 | D:1      | Reached skill level 1 in Earth Magic
  1667 | D:1      | Reached skill level 1 in Poison Magic
  1667 | D:1      | Reached XP level 5. HP: 34/43 MP: 8/12
  2273 | D:2      | Noticed Jessica
  2282 | D:2      | Killed Jessica
  2340 | D:2      | Reached XP level 6. HP: 50/50 MP: 9/13
  3416 | D:3      | Reached skill level 5 in Fighting
  3416 | D:3      | Reached skill level 5 in Polearms
  3416 | D:3      | Reached skill level 5 in Dodging
  3678 | D:4      | You fall into a shaft and drop 1 floor!
  3678 | D:5      | Entered Level 5 of the Dungeon
  3678 | D:5      | Found an iron altar of Okawaru.
  3965 | D:5      | Became a worshipper of Warmaster Okawaru
  3973 | D:5      | Found Enieskon's Weapon Boutique.
  4292 | D:4      | Reached XP level 7. HP: 56/56 MP: 15/15
  4641 | D:4      | Found a staircase to the Ecumenical Temple.
  5203 | D:5      | Noticed Pikel
  5221 | D:5      | Killed Pikel
  5221 | D:5      | Reached * piety under Okawaru
  5221 | D:5      | Reached XP level 8. HP: 19/63 MP: 13/16
  5606 | D:5      | Found Itostri's Book Boutique.
  5674 | D:5      | Reached ** piety under Okawaru
  5968 | D:5      | Noticed Eustachio
  6503 | D:5      | Killed Eustachio
  6503 | D:5      | Reached XP level 9. HP: 24/69 MP: 10/18
  6796 | D:5      | Noticed Grum
  6804 | D:5      | Learned a level 3 spell: Ozocubu's Armour
  6818 | D:5      | Killed Grum
  7660 | D:6      | Found a white marble altar of Elyvilon.
  8619 | D:7      | Reached *** piety under Okawaru
  8688 | D:7      | Reached skill level 5 in Armour
  9664 | D:7      | Reached skill level 5 in Invocations
 10034 | D:7      | Reached XP level 10. HP: 77/77 MP: 1/20
 10772 | D:8      | Reached **** piety under Okawaru
 10860 | D:8      | Reached skill level 5 in Short Blades
 10860 | D:8      | Reached skill level 5 in Long Blades
 10860 | D:8      | Reached skill level 5 in Axes
 10860 | D:8      | Reached skill level 5 in Maces & Flails
 10860 | D:8      | Reached skill level 5 in Staves
 10860 | D:8      | Reached skill level 5 in Slings
 10860 | D:8      | Reached skill level 5 in Bows
 10860 | D:8      | Reached skill level 5 in Crossbows
 10860 | D:8      | Reached skill level 5 in Throwing
 10860 | D:8      | Reached skill level 5 in Stealth
 10860 | D:8      | Reached skill level 5 in Shields
 10860 | D:8      | Reached skill level 5 in Unarmed Combat
 10860 | D:8      | Reached skill level 5 in Evocations
 11190 | D:8      | Found Uvei's Book Shop.
 12179 | D:9      | Reached ***** piety under Okawaru
 12429 | D:9      | Found a runed translucent door.
 12437 | D:9      | Noticed Xoruskon's ghost (novice DECj)
 12438 | D:9      | Noticed a fire giant
 12467 | D:9      | Found a stormy altar of Qazlal.
 12717 | D:9      | Reached XP level 11. HP: 84/84 MP: 22/22
 13230 | D:9      | Noticed a two-headed ogre
 13245 | D:9      | Killed a two-headed ogre
 13585 | D:9      | Learned a level 3 spell: Tukima's Dance
 13622 | D:9      | Found a staircase to the Lair.
 13649 | D:8      | Reached skill level 5 in Conjurations
 13649 | D:8      | Reached skill level 5 in Hexes
 13649 | D:8      | Reached skill level 5 in Summonings
 13649 | D:8      | Reached skill level 5 in Necromancy
 13649 | D:8      | Reached skill level 5 in Translocations
 13649 | D:8      | Reached skill level 5 in Transmutations
 13649 | D:8      | Reached skill level 5 in Fire Magic
 13649 | D:8      | Reached skill level 5 in Ice Magic
 13649 | D:8      | Reached skill level 5 in Air Magic
 13649 | D:8      | Reached skill level 5 in Earth Magic
 13649 | D:8      | Reached skill level 5 in Poison Magic
 14692 | D:10     | Entered Level 10 of the Dungeon
 14707 | Lair:1   | Entered Level 1 of the Lair of Beasts
 15113 | Lair:1   | Noticed an eight-headed hydra
 15120 | Lair:1   | Killed an eight-headed hydra
 15120 | Lair:1   | Reached ****** piety under Okawaru
 15130 | Lair:1   | Noticed a five-headed hydra
 15178 | Lair:1   | Killed a five-headed hydra
 15178 | Lair:1   | Received a gift from Okawaru
 15188 | Lair:1   | Got a pair of ichor-stained boots {god gift}
 15194 | Lair:1   | Identified the -3 pair of boots of Failure {rC++ Int+2
                  | Stlth+} (Okawaru gifted it to you on level 1 of the Lair of
                  | Beasts)
 16127 | Lair:2   | Reached XP level 12. HP: 77/93 MP: 22/24
 16991 | Lair:2   | Noticed Gibetzo's ghost (journeyman GnSk)
 16991 | Lair:2   | Identified the +0 trident "Lohes" {drain, rF+ Int+5}
 16991 | Lair:2   | Noticed a spriggan rider
 16998 | Lair:2   | Found a bloodstained altar of Trog.
 17150 | Lair:2   | Found a transporter.
 17162 | Lair:2   | Found a transporter.
 17546 | Lair:3   | Noticed a four-headed hydra
 17555 | Lair:3   | Killed a four-headed hydra
 17855 | Lair:3   | Received a gift from Okawaru
 17906 | Lair:3   | Found a staircase to the Shoals.
 18032 | Lair:3   | Noticed Gastronok
 18054 | Lair:3   | Killed Gastronok
 18206 | Lair:3   | Learned a level 2 spell: Blink
 18503 | Lair:3   | Found a hole to the Spider Nest.
 18713 | Lair:4   | Noticed a six-headed hydra
 18722 | Lair:4   | Killed a six-headed hydra
 18910 | Lair:4   | Reached XP level 13. HP: 87/101 MP: 26/26
 20059 | Lair:5   | Received a gift from Okawaru
 20209 | Lair:5   | Received a gift from Okawaru
 20265 | Lair:5   | Found a transporter.
 20317 | Lair:5   | Noticed Qeorph's ghost (journeyman FoAK)
 20377 | Lair:5   | Found a transporter.
 21298 | Lair:6   | Entered Level 6 of the Lair of Beasts
 21815 | Lair:6   | Received a gift from Okawaru
 21849 | Lair:6   | Got pitted ice dragon scales {god gift}
 21996 | Lair:6   | Identified the +9 ice dragon scales "Ici Huar" {rPois rF-
                  | rC++} (Okawaru gifted it to you on level 6 of the Lair of
                  | Beasts)
 22522 | Lair:6   | Reached skill level 10 in Spellcasting
 22528 | Lair:6   | Reached XP level 14. HP: 97/109 MP: 24/28
 23679 | Lair:5   | Noticed an entropy weaver
 23821 | Lair:6   | Reached skill level 10 in Fighting
 23821 | Lair:6   | Reached skill level 10 in Polearms
 23821 | Lair:6   | Reached skill level 10 in Dodging
 24004 | Lair:6   | Found a staircase to the Slime Pits.
 24393 | Lair:6   | Found a large runed translucent door.
 24393 | Lair:6   | Found a large runed translucent door.
 24829 | D:10     | Noticed Sonja
 24857 | D:10     | Killed Sonja
 25433 | D:10     | Received a gift from Okawaru
 26174 | D:11     | Got a transparent scale mail
 26185 | D:11     | Identified the +5 scale mail of the Harvest Moon {+Fly}
                  | (You found it on level 11 of the Dungeon)
 26246 | D:11     | Found a staircase to the Orcish Mines.
 26427 | D:11     | Noticed Nergalle
 26441 | D:11     | Killed Nergalle
 26574 | D:11     | Reached skill level 10 in Invocations
 27020 | D:11     | Found a shimmering altar of Xom.
 27166 | D:12     | Found a gate leading to a gauntlet.
 27171 | D:12     | Found a runed translucent gate.
 27172 | D:12     | Found a runed translucent gate.
 27179 | D:12     | Found a runed translucent gate.
 27181 | Gauntlet | Entered a Gauntlet
 27181 | Gauntlet | Found a transporter.
 27181 | Gauntlet | Found a transporter.
 27216 | Gauntlet | Found a transporter.
 27216 | Gauntlet | Found a transporter.
 27230 | Gauntlet | Found a transporter.
 27242 | Gauntlet | Found a transporter.
 27250 | Gauntlet | Found a transporter.
 27250 | Gauntlet | Found a transporter.
 27252 | Gauntlet | Found the amulet of the Air {Inacc +Fly rElec EV+5 RMsl}
 27254 | Gauntlet | Found a transporter.
 27260 | Gauntlet | Found a transporter.
 27266 | Gauntlet | Found a transporter.
 27401 | Gauntlet | Found a transporter.
 27442 | Gauntlet | Found a transporter.
 27503 | Gauntlet | Found a transporter.
 27612 | Gauntlet | Identified the +5 hand crossbow of the Hall of Blades
                  | {venom, rPois Int+4}
 27802 | Gauntlet | Identified the Almanac of Battle Magic
 27817 | Gauntlet | Got an ichor-stained demon trident
 27819 | Gauntlet | Identified the +8 demon trident "Nusmaemo" {vorpal, Str+3}
                  | (You found it in a Gauntlet)
 28044 | D:12     | Found a hide-covered altar of Uskayaw.
 28211 | D:12     | Noticed vurker's ghost (novice TrHu)
 28211 | D:12     | Noticed bmj180's ghost (journeyman DrCj)
 28220 | D:12     | Learned a level 4 spell: Summon Lightning Spire
 28226 | D:12     | Learned a level 5 spell: Alistair's Intoxication
 28231 | D:12     | Killed vurker's ghost
 28237 | D:12     | Killed bmj180's ghost
 28237 | D:12     | Received a gift from Okawaru
 28428 | D:12     | Got a scorched diamond amulet
 28430 | D:12     | Identified the amulet of Ru's Supremacy {RegenMP Slay+2}
                  | (You found it on level 12 of the Dungeon)
 28521 | D:13     | Noticed Urug
 28535 | D:13     | Killed Urug
 28549 | D:13     | Received a gift from Okawaru
 28566 | D:13     | Reached XP level 15. HP: 103/117 MP: 14/29
 28571 | D:13     | Found a frozen archway.
 28623 | IceCv    | Entered an ice cave
 28671 | IceCv    | Received a gift from Okawaru
 29001 | IceCv    | Reached skill level 10 in Armour
 29409 | IceCv    | Noticed a frost giant
 29425 | IceCv    | Killed a frost giant
 29933 | D:13     | Received a gift from Okawaru
 29957 | D:13     | Reached skill level 10 in Charms
 29995 | D:13     | You are sucked into a shaft and drop 2 floors!
 29995 | D:15     | Entered Level 15 of the Dungeon
 30031 | D:15     | Found a staircase to the Depths.
 30031 | D:15     | Noticed a fire giant
 30240 | D:15     | Killed a fire giant
 30521 | D:15     | Reached skill level 10 in Short Blades
 30521 | D:15     | Reached skill level 10 in Long Blades
 30521 | D:15     | Reached skill level 10 in Axes
 30521 | D:15     | Reached skill level 10 in Maces & Flails
 30521 | D:15     | Reached skill level 10 in Staves
 30521 | D:15     | Reached skill level 10 in Slings
 30521 | D:15     | Reached skill level 10 in Bows
 30521 | D:15     | Reached skill level 10 in Crossbows
 30521 | D:15     | Reached skill level 10 in Throwing
 30521 | D:15     | Reached skill level 10 in Stealth
 30521 | D:15     | Reached skill level 10 in Shields
 30521 | D:15     | Reached skill level 10 in Unarmed Combat
 30521 | D:15     | Reached skill level 10 in Evocations
 30566 | D:15     | Found Derattia's Food Shoppe.
 31479 | D:14     | Found a sacrificial altar of Ru.
 31852 | D:13     | Noticed Azrael
 31852 | D:13     | You are sucked into a shaft and drop 1 floor!
 31950 | D:14     | Found an opulent altar of Gozag.
 32121 | D:14     | Received a gift from Okawaru
 32564 | D:14     | Received a gift from Okawaru
 32567 | D:14     | Got a pitted helmet {god gift}
 32579 | D:14     | Identified the +0 helmet of Okawaru's Condemnation {Regen+}
                  | (Okawaru gifted it to you on level 14 of the Dungeon)
 32867 | D:13     | Found Yxyph's General Store.
 32907 | D:13     | Reached XP level 16. HP: 125/125 MP: 27/31
 33028 | D:13     | Killed Azrael
 33624 | Orc:1    | Entered Level 1 of the Orcish Mines
 33923 | Orc:1    | Noticed Maurice
 33931 | Orc:1    | Killed Maurice
 34169 | Orc:2    | Entered Level 2 of the Orcish Mines
 34169 | Orc:2    | Found a staircase to the Elven Halls.
 34226 | Orc:2    | Found Lexemy's Assorted Antiques.
 35314 | Orc:2    | Found Syrin's Distillery.
 35314 | Orc:2    | Found Caalamy's Jewellery Shoppe.
 35316 | Orc:2    | Found Keasusack's Food Boutique.
 35316 | Orc:2    | Found Vitet's Magic Scroll Shoppe.
 35322 | Orc:2    | Bought a potion of invisibility for 120 gold pieces
 35322 | Orc:2    | Bought a potion of resistance for 150 gold pieces
 35675 | Shoals:1 | Entered Level 1 of the Shoals
 36276 | Shoals:1 | Received a gift from Okawaru
 36295 | Shoals:1 | Got a faintly glowing chain mail {god gift}
 36426 | Shoals:1 | Identified the +8 chain mail "Quifoqabb" {rN+} (Okawaru
                  | gifted it to you on level 1 of the Shoals)
 36665 | Shoals:1 | Identified Roxanne's Catalogue of Moulding
 36665 | Shoals:1 | Noticed Roxanne
 36692 | Shoals:1 | Killed Roxanne
 37059 | Shoals:1 | Identified Nazxedetz's Reference Book on Unstable
                  | Bewitchment
 37228 | Shoals:1 | Noticed a kraken
 37495 | Shoals:1 | Killed a kraken
 37888 | Shoals:2 | Found Poih's General Store.
 38205 | Shoals:2 | Noticed Ilsuiw
 38219 | Shoals:2 | Killed Ilsuiw
 38276 | Shoals:2 | Found Monopp's Food Shoppe.
 38345 | Shoals:2 | Reached XP level 17. HP: 121/133 MP: 27/33
 38892 | Shoals:3 | Found a runed translucent door.
 38894 | Shoals:3 | Noticed Agufooqau's ghost (adept DDFi)
 38925 | Shoals:3 | Killed Agufooqau's ghost
 39041 | Shoals:3 | Identified a scroll of acquirement
 39772 | Shoals:4 | Entered Level 4 of the Shoals
 39846 | Shoals:4 | Found a runed translucent gate.
 40191 | Shoals:4 | Found a runed translucent gate.
 40191 | Shoals:4 | Found a runed translucent gate.
 40206 | Shoals:4 | Noticed HYPERHYPER's ghost (adept DDFi)
 40261 | Shoals:4 | Killed HYPERHYPER's ghost
 40261 | Shoals:4 | Received a gift from Okawaru
 40438 | Shoals:4 | Got a wavering marble ring
 40440 | Shoals:4 | Identified the ring of Kisinysog {rElec rPois rC- Str+6
                  | Stlth+} (You found it on level 4 of the Shoals)
 40834 | Shoals:4 | Got a dazzling chain mail
 40845 | Shoals:4 | Identified the +8 chain mail "Seowuy" {Regen+ MP+9 SInv}
                  | (You found it on level 4 of the Shoals)
 41011 | Shoals:4 | Identified the Handbook of Sinister Secrets and
                  | Transmigration
 42527 | Shoals:4 | Received a gift from Okawaru
 42854 | Shoals:4 | Got a barnacled rune of Zot
 43757 | Spider:1 | Entered Level 1 of the Spider Nest
 44375 | Spider:2 | Noticed Jorgrun
 44379 | Spider:2 | Reached skill level 10 in Conjurations
 44379 | Spider:2 | Reached skill level 10 in Hexes
 44379 | Spider:2 | Reached skill level 10 in Summonings
 44379 | Spider:2 | Reached skill level 10 in Necromancy
 44379 | Spider:2 | Reached skill level 10 in Translocations
 44379 | Spider:2 | Reached skill level 10 in Transmutations
 44379 | Spider:2 | Reached skill level 10 in Fire Magic
 44379 | Spider:2 | Reached skill level 10 in Ice Magic
 44379 | Spider:2 | Reached skill level 10 in Air Magic
 44379 | Spider:2 | Reached skill level 10 in Earth Magic
 44379 | Spider:2 | Reached skill level 10 in Poison Magic
 44413 | Spider:1 | Killed Jorgrun
 44563 | Spider:2 | Reached XP level 18. HP: 141/141 MP: 30/34
 46036 | Spider:3 | Received a gift from Okawaru
 46037 | Spider:3 | Found the +10 tower shield of Ignorance {rN+ Int-4}
 47124 | Spider:4 | Entered Level 4 of the Spider Nest
 47124 | Spider:4 | Noticed Arachne
 47215 | Spider:3 | Killed Arachne
 47538 | Spider:4 | Received a gift from Okawaru
 47770 | Spider:4 | Received a gift from Okawaru
 47805 | Spider:3 | HP: 7/143 [spark wasp (14)]
 48206 | Spider:4 | Reached XP level 19. HP: 149/149 MP: 32/36
 48608 | Spider:4 | Got a twisted helmet {god gift}
 48632 | Spider:4 | Identified the +3 helmet "Kyselogg" {Harm rElec} (Okawaru
                  | gifted it to you on level 4 of the Spider Nest)
 48754 | Spider:4 | Got a gossamer rune of Zot
 49916 | Elf:1    | Entered Level 1 of the Elven Halls
 50051 | Vaults:1 | Entered Level 1 of the Vaults
 50471 | Vaults:1 | Received a gift from Okawaru
 51118 | Vaults:1 | Received a gift from Okawaru
 51170 | Vaults:1 | Received a gift from Okawaru
 51524 | Vaults:1 | Found Kaamala's Weapon Emporium.
 51535 | Vaults:1 | Received a gift from Okawaru
 51566 | Vaults:1 | Reached XP level 20. HP: 157/157 MP: 37/37
 52015 | Vaults:1 | Identified Sif Muna's Disquisition on Displaced Attacks
 52110 | Vaults:2 | Received a gift from Okawaru
 52146 | Vaults:2 | Got a dazzling morningstar
 52147 | Vaults:2 | Identified the +3 morningstar "Grim Tooth" {elec, rF++ rN+
                  | Str-3 Int+2} (You found it on level 2 of the Vaults)
 52181 | Vaults:2 | Received a gift from Okawaru
 52487 | Vaults:2 | Received a gift from Okawaru
 52593 | Vaults:2 | Got a polished buckler
 52603 | Vaults:2 | Identified the +0 buckler of Mezcal {rElec rF- Regen+ MP+9}
                  | (You found it on level 2 of the Vaults)
 52927 | Vaults:2 | Learned a level 1 spell: Apportation
 52931 | Vaults:2 | Learned a level 3 spell: Lesser Beckoning
 52933 | Vaults:2 | Learned a level 1 spell: Summon Butterflies
 52938 | Vaults:2 | Learned a level 4 spell: Olgreb's Toxic Radiance
 52943 | Vaults:2 | Learned a level 4 spell: Airstrike
 52948 | Vaults:2 | Learned a level 4 spell: Cause Fear
 52953 | Vaults:2 | Learned a level 4 spell: Fulminant Prism
 52958 | Vaults:2 | Learned a level 4 spell: Summon Ice Beast
 53334 | Vaults:2 | Received a gift from Okawaru
 53553 | Vaults:2 | Received a gift from Okawaru
 54659 | Vaults:2 | Got a translucent kite shield {god gift}
 54670 | Vaults:2 | Identified the +0 kite shield "Omiucam" {rElec MR+}
                  | (Okawaru gifted it to you on level 2 of the Vaults)
 54686 | Vaults:2 | Found a staircase to the Crypt.
 55545 | Vaults:3 | Noticed Margery
 55555 | Vaults:3 | Killed from afar by Margery

Illustrated notes

Levels and vault maps discovered:
D:1:      zaba_arrival_water, layout_basic
D:2:      layout_rooms, minitemple, first_ration, uniq_natasha, uniq_jessica
D:3:      layout_loops_corners
D:4:      layout_layer_cave, minmay_temple_entry_steel_oval
D:5:      layout_cave_pools, serial_gnoll_camp, grums_kennel,
          gnoll_camp_mini_basic, gnoll_camp_mini_shop, gnoll_camp_mini_house,
          serial_shops, nicolae_shop_statue_plus, basic_altar, uniq_pikel,
          uniq_eustachio
D:6:      layout_basic, lemuel_crystal_altar, serial_bayou_pond_e
D:7:      layout_basic, enter_bailey_3, grunt_ogre_cave
D:8:      minmay_skewed_foursquare, layout_loops_ring, serial_shops, shop
D:9:      layout_long_grid, nicolae_qazlal_style_of_elements,
          erik_lair_orcish_takeover, ebering_ghost_inner_flame,
          nicolae_underground_beach
D:10:     layout_basic, chequers_serial_rivers_room_b, uniq_sonja
D:11:     layout_roguey [special_room_orc], orc_0_dummy, basic_altar,
          uniq_nergalle
D:12:     layout_cave_pools, gauntlet_entry_generic, gammafunk_ghost_cemetery,
          basic_altar
D:13:     layout_basic, serial_shops, nicolae_shop_trees,
          portal_ice_cave_entry_pillars_1, uniq_urug, uniq_azrael
D:14:     layout_basic, david_vaults_2, nicolae_gozag_seed_capital,
          nicolae_ru_awakened_eye
D:15:     grunt_enter_depths_giant_problem, layout_stronghold, serial_shops,
          shop, hangedman_decor_opposing
Lair:1:   layout_chaotic_city, grunt_megastairs_5, serial_bayou_shore_a
Lair:2:   layout_loops_ring, gammafunk_ghost_wrathful_warriors,
          guppyfry_lair_drakes
Lair:3:   layout_gridlike, minmay_shoals_entry_lonely_mermaid,
          dummy_spider_entry, infiniplex_staircase_pool, uniq_gastronok
Lair:4:   layout_hall_layers, wad_woods_river_01
Lair:5:   layout_long_grid, gammafunk_ghost_abyssal_escape
Lair:6:   cheibrodos_lair_end_hotspot, layout_regular_city, slime_dummy
Shoals:1: layout_shoals, uniq_roxanne
Shoals:2: layout_shoals, serial_shops, shop, shop,
          nicolae_shoals_dead_sea_scrolls, uniq_ilsuiw
Shoals:3: layout_shoals, ebering_ghost_inner_flame
Shoals:4: shoals_end_simple, layout_shoals, ebering_ghost_rock_garden
Spider:1: layout_spider_delve
Spider:2: layout_spider_delve, uniq_jorgrun
Spider:3: nicolae_spider_corner
Spider:4: grunt_spider_rune_island, drop_trap, zaba_antful_of_joy, uniq_arachne
Orc:1:    layout_caves, uniq_maurice
Orc:2:    grunt_orc_tribal_feast, layout_diamond_mine, serial_shops, shop,
          statue_in_the_mist_lemuel
Elf:1:    layout_gridlike, orc_legates, grunt_ministairs_14,
          nicolae_elf_big_sculpture_2, hangedman_elf_represent
Vaults:1: nicolae_vaults_hallways_thing, nicolae_vaults_asterisk,
          nicolae_vaults_network_quincunx
          [nicolae_vaults_network_quincunx_subvault,
          nicolae_vaults_network_quincunx_subvault,
          nicolae_vaults_network_quincunx_subvault,
          nicolae_vaults_network_quincunx_subvault,
          nicolae_vaults_network_quincunx_subvault], ontoclasm_vaults_shuriken,
          nicolae_vaults_halls_meeting, vaults_room_grunt_arrival_ludios,
          v_pattern_1, vaults_mumra_hex, nicolae_vaults_circle_grid_b,
          grunt_vaults_hallway_short, vaults_standard_mumra_x,
          layout_vaults_omnicross, serial_shops, shop
Vaults:2: vaults_room_fours, v_misc_17, ontoclasm_vaults_hangar,
          ontoclasm_vaults_bender, nicolae_vaults_back_hallway,
          grunt_vaults_twisty, nicolae_vaults_network_quinsquares
          [nicolae_vaults_network_quincunx_subvault,
          nicolae_vaults_network_quincunx_subvault,
          nicolae_vaults_network_quincunx_subvault,
          nicolae_vaults_network_quincunx_subvault], nicolae_vaults_network_s,
          st_diamondy, nicolae_vaults_shelves_hall,
          nicolae_vaults_little_squares_3, vaults_room_grid,
          minmay_crypt_entry_simple_box, nicolae_vaults_specimen_jars,
          vaults_room_door_ring, layout_vaults_omnibox
Vaults:3: vaults_room_fours, nicolae_vaults_border_crossing,
          ontoclasm_vaults_fault, nicolae_vaults_theta, grunt_vaults_bifocal,
          vaults_room_hallway, nicolae_vaults_sealed_display,
          nicolae_vaults_three_branches, layout_vaults_omnigrid, uniq_asterion,
          uniq_jory, uniq_margery

Skill      XL: |  1  2  3  4  5  6  7  8  9 10 11 12 13 14 15 16 17 18 19 20 |
---------------+-------------------------------------------------------------+-----
Spellcasting   | 5 6 7 8 9 10 11 12 13 14 | 14.2
Invocations    | 1 2 3 4 5 6 7 8 9 10 11 12 13 14 | 14.5
Short Blades   | 1 2 3 4 5 6 7 8 9 10 11 12 13 | 13.5
Long Blades    | 1 2 3 4 5 6 7 8 9 10 11 12 13 | 13.5
Axes           | 1 2 3 4 5 6 7 8 9 10 11 12 13 | 13.5
Maces & Flails | 1 2 3 4 5 6 7 8 9 10 11 12 13 | 13.5
Staves         | 1 2 3 4 5 6 7 8 9 10 11 12 13 | 13.5
Slings         | 1 2 3 4 5 6 7 8 9 10 11 12 13 | 13.5
Bows           | 1 2 3 4 5 6 7 8 9 10 11 12 13 | 13.5
Crossbows      | 1 2 3 4 5 6 7 8 9 10 11 12 13 | 13.5
Throwing       | 1 2 3 4 5 6 7 8 9 10 11 12 13 | 13.5
Stealth        | 1 2 3 4 5 6 7 8 9 10 11 12 13 | 13.5
Shields        | 1 2 3 4 5 6 7 8 9 10 11 12 13 | 13.5
Unarmed Combat | 1 2 3 4 5 6 7 8 9 10 11 12 13 | 13.5
Evocations     | 1 2 3 4 5 6 7 8 9 10 11 12 13 | 13.5
Conjurations   | 1 2 3 4 5 6 7 8 9 10 11 | 11.6
Hexes          | 1 2 3 4 5 6 7 8 9 10 11 | 11.6
Summonings     | 1 2 3 4 5 6 7 8 9 10 11 | 11.6
Necromancy     | 1 2 3 4 5 6 7 8 9 10 11 | 11.6
Translocations | 1 2 3 4 5 6 7 8 9 10 11 | 11.6
Transmutations | 1 2 3 4 5 6 7 8 9 10 11 | 11.6
Fire Magic     | 1 2 3 4 5 6 7 8 9 10 11 | 11.6
Ice Magic      | 1 2 3 4 5 6 7 8 9 10 11 | 11.6
Air Magic      | 1 2 3 4 5 6 7 8 9 10 11 | 11.6
Earth Magic    | 1 2 3 4 5 6 7 8 9 10 11 | 11.6
Poison Magic   | 1 2 3 4 5 6 7 8 9 10 11 | 11.6
Armour         | 3 4 5 6 7 8 9 10 11 12 13 | 13.7
Fighting       | 5 6 7 8 9 10 11 12 13 14 | 14.1
Polearms       | 5 6 7 8 9 10 11 12 13 14 | 14.1
Dodging        | 5 6 7 8 9 10 11 12 13 14 | 14.1
Charms         | 6 7 8 9 10 11 12 | 12.6

Action                   |  1- 3 |  4- 6 |  7- 9 | 10-12 | 13-15 | 16-18 | 19-21 || total
-------------------------+-------+-------+-------+-------+-------+-------+-------++-------
Melee: Spear             |   100 |   168 |   227 |   758 |  1128 |       |       ||  2381
       Bite              |     4 |    21 |    39 |   105 |   240 |   152 |   143 ||   704
       Punch             |       |     1 |     4 |    23 |       |       |       ||    28
       Whip              |       |       |    87 |       |       |       |       ||    87
       Rapier            |       |       |       |    39 |       |       |       ||    39
       Demon trident     |       |       |       |       |   498 |  1293 |   853 ||  2644
 Fire: Hand crossbow     |       |       |       |       |    11 |   100 |       ||   111
Throw: Javelin           |       |     4 |    22 |    17 |     5 |   125 |    26 ||   199
       Dart              |       |       |       |     7 |       |       |       ||     7
       Throwing net      |       |       |       |     1 |       |       |       ||     1
       Boomerang         |       |       |       |     9 |    67 |    12 |       ||    88
 Cast: Infusion          |    12 |     3 |       |       |       |       |       ||    15
       Spectral Weapon   |     1 |     8 |    32 |    65 |   102 |    93 |    56 ||   357
       Ozocubu's Armour  |       |       |     8 |     1 |       |       |       ||     9
       Tukima's Dance    |       |       |       |     2 |    10 |       |       ||    12
       Summon Lightning  |       |       |       |       |     7 |     3 |     2 ||    12
       Summon Ice Beast  |       |       |       |       |       |       |     1 ||     1
       Airstrike         |       |       |       |       |       |       |     1 ||     1
Invok: Heroism           |       |       |       |     1 |     1 |     1 |       ||     3
       Finesse           |       |       |       |     1 |     1 |       |       ||     2
Evoke: Wand              |       |       |       |    10 |       |     4 |       ||    14
  Use: Scroll            |       |     3 |    15 |     3 |    10 |    15 |     5 ||    51
       Potion            |       |       |     3 |       |     1 |     6 |       ||    10
 Stab: Sleeping          |     3 |     4 |     4 |     2 |     5 |    17 |     6 ||    41
       Distracted        |       |     2 |     1 |     7 |    24 |    11 |     5 ||    50
       Held in net/web   |       |       |       |       |       |       |     1 ||     1
  Eat: Chunk             |     2 |     9 |    21 |    17 |    31 |    28 |    12 ||   120
       Ration            |       |       |       |     4 |     6 |     7 |     3 ||    20
Armor: Leather armour    |    20 |    29 |     8 |       |       |       |       ||    57
       Robe              |       |       |    46 |     7 |       |       |       ||    53
       Scale mail        |       |       |       |   187 |    65 |       |       ||   252
       Ice dragon scales |       |       |       |       |   375 |   545 |   116 ||  1036
Dodge: Dodged            |    50 |   105 |   204 |   380 |   581 |   601 |   116 ||  2037
Block: Other             |       |       |       |    38 |       |       |       ||    38
       Buckler           |       |       |       |    50 |   549 |   241 |       ||   840
       Reflection        |       |       |       |       |    20 |    46 |    43 ||   109
       Kite shield       |       |       |       |       |       |   447 |       ||   447
       Tower shield      |       |       |       |       |       |   556 |   813 ||  1369

Table legend:
 A = Non-vault XP
 B = Vault XP
 C = Vault XP percentage of total XP
 D = Non-vault monster count
 E = Vault monster count
 F = Vault count percentage of total count
                 A         B        C        D         E       F
            +---------+---------+-------+---------+---------+-------
      Total |  276923 |  212499 |  43.4 |     955 |     462 |  32.6
            +---------+---------+-------+---------+---------+-------
        D:1 |     156 |       0 |   0.0 |      32 |       0 |   0.0
        D:2 |     146 |      72 |  33.0 |      20 |       2 |   9.1
        D:3 |      79 |       0 |   0.0 |      14 |       0 |   0.0
        D:4 |     186 |       0 |   0.0 |      10 |       0 |   0.0
        D:5 |     613 |    1307 |  68.1 |      16 |      14 |  46.7
        D:6 |     502 |       0 |   0.0 |      11 |       0 |   0.0
        D:7 |    1852 |     124 |   6.3 |      27 |       5 |  15.6
        D:8 |    1662 |     560 |  25.2 |      30 |       6 |  16.7
        D:9 |    5609 |     460 |   7.6 |      46 |       7 |  13.2
       D:10 |    2068 |     377 |  15.4 |      22 |       3 |  12.0
       D:11 |    3914 |    1943 |  33.2 |      40 |      25 |  38.5
       D:12 |    3177 |    1576 |  33.2 |      22 |       2 |   8.3
       D:13 |   15593 |    3502 |  18.3 |      51 |      10 |  16.4
       D:14 |   13809 |     979 |   6.6 |      43 |       3 |   6.5
       D:15 |    4857 |    1696 |  25.9 |      12 |       1 |   7.7
     Lair:1 |    3434 |    1152 |  25.1 |      15 |       2 |  11.8
     Lair:2 |    6132 |     344 |   5.3 |      26 |       3 |  10.3
     Lair:3 |    3856 |    2823 |  42.3 |      14 |       2 |  12.5
     Lair:4 |    2960 |     427 |  12.6 |      10 |       3 |  23.1
     Lair:5 |    7879 |    1759 |  18.3 |      30 |       6 |  16.7
     Lair:6 |   13364 |    7795 |  36.8 |      35 |      24 |  40.7
   Shoals:1 |   22692 |    2015 |   8.2 |      45 |       1 |   2.2
   Shoals:2 |    9637 |    3062 |  24.1 |      19 |       4 |  17.4
   Shoals:3 |    8447 |    3475 |  29.1 |      16 |       3 |  15.8
   Shoals:4 |    8892 |   23843 |  72.8 |      18 |      34 |  65.4
   Spider:1 |    8175 |    2913 |  26.3 |      27 |       1 |   3.6
   Spider:2 |   13388 |     358 |   2.6 |      48 |       1 |   2.0
   Spider:3 |   15625 |   24474 |  61.0 |      43 |      42 |  49.4
   Spider:4 |   11922 |   31436 |  72.5 |      32 |      78 |  70.9
      Orc:1 |    1504 |     485 |  24.4 |      26 |       1 |   3.7
      Orc:2 |    3312 |    7875 |  70.4 |      25 |      30 |  54.5
   Vaults:1 |   38252 |   30267 |  44.2 |      70 |      39 |  35.8
   Vaults:2 |   43229 |   35299 |  45.0 |      60 |      46 |  43.4
   Vaults:3 |       0 |    3900 | 100.0 |       0 |       4 | 100.0
      IceCv |       0 |   12612 | 100.0 |       0 |      51 | 100.0
   Gauntlet |       0 |    3589 | 100.0 |       0 |       9 | 100.0
            +---------+---------+-------+---------+---------+-------
